 Dungeon Crawl Stone Soup version 0.32-a0-351-gc6a9d31 (webtiles) character file.

Game seed: 11494361584105834665

3316 jagoly the Merchant of Misery (level 9, -6/44 HPs)
             Began as a Spriggan Necromancer on Feb 17, 2024.
             Was a Believer of Kikubaaqudgha.
             Mangled by a spriggan
             ... wielding a +0 spear
              (17 damage)
             ... in a bailey.
             The game lasted 00:41:16 (6715 turns).

jagoly the Merchant of Misery (SpNe)                Turns: 6715, Time: 00:41:16

Health: -6/44      AC:  4    Str:  4    XL:     9   Next: 71%
Magic:  17/22      EV: 23    Int: 21    God:    Kikubaaqudgha [**....]
Gold:   189        SH:  0    Dex: 15    Spells: 18/24 levels left

rFire   . . .        b - +1 orcbow (drain)
rCold   . . .        (shield currently unavailable)
rNeg    . . .        o - +0 robe
rPois   .            m - +2 hat
rElec   .            (no cloak)
rCorr   .            (gloves unavailable)
SInv    +            (boots unavailable)
Will    +....        F - amulet of faith
Stlth   +++          A - +5 ring of evasion
HPRegen 0.27/turn    (no ring)
MPRegen 0.18/turn

%: faith
@: very quick
A: very small, no large weapons, unfitting armour, see invisible, speed 3
a: Renounce Religion, Unearth Wretches


You were in a bailey.
You worshipped Kikubaaqudgha.
Kikubaaqudgha was pleased with you.
You visited 1 branch of the dungeon, and saw 8 of its levels.
You also visited: Bailey.

You collected 416 gold pieces.
You spent 227 gold pieces at shops.

Inventory:

Hand Weapons
 a - a +0 rapier
 b - a +1 orcbow of draining (weapon)
Missiles
 e - 80 stones
 i - 11 poisoned darts
 n - a throwing net
 w - 6 atropa-tipped darts
Armour
 h - a +0 buckler
 m - a +2 hat (worn)
 o - a +0 robe (worn)
 q - the +4 robe of Negation {+Blink rPois Str-5 Dex+3}
   (You found it on level 8 of the Dungeon)

   Str-5:     It affects your strength (-5).
   Dex+3:     It affects your dexterity (+3).
   rPois:     It protects you from poison +Blink: It lets you blink.
Magical Staves
 x - a staff of earth
 G - a staff of conjuration
Jewellery
 A - a +5 ring of evasion (left hand)
 F - an amulet of faith (around neck)
Wands
 u - a wand of iceblast (7)
Scrolls
 g - a scroll of fear
 p - 3 scrolls of amnesia
 r - a scroll of revelation
 s - 2 scrolls of vulnerability
 y - a scroll of enchant weapon
 z - a scroll of torment
 B - a scroll of noise
 H - a scroll of teleportation
 I - 2 scrolls of fog
 J - a scroll of blinking
 K - a scroll of poison
Potions
 c - a potion of haste
 d - a potion of magic
 f - 2 potions of attraction
 j - 3 potions of invisibility
 k - 4 potions of brilliance
 l - a potion of heal wounds
 t - a potion of berserk rage {unknown}
 v - a potion of enlightenment {unknown}
 C - a potion of curing {unknown}
 D - a potion of ambrosia {unknown}


   Skills:
 - Level 3.0 Fighting
 - Level 4.0 Short Blades
 - Level 4.0 Dodging
 - Level 4.0 Stealth
 - Level 8.0 Spellcasting
 - Level 8.0 Necromancy
 + Level 6.4 Earth Magic
 - Level 2.0 Evocations


You had 18 spell levels left.
You knew the following spells:

 Your Spells              Type           Power      Damage    Failure   Level
a - Necrotise             Necr           100%       1d9       1%          1
x - Sandblast             Erth           70%        2d15      1%          1
D - Animate Dead          Necr           42%        N/A       3%          4

Your spell library contained the following spells:

 Spells                   Type           Power      Damage    Failure   Level
 Kiss of Death            Conj/Necr      100%       2d13      1%          1
 Fugue of the Fallen      Necr           42%        N/A       1%          3
 Passwall                 Erth           35%        N/A       1%          3
 Vampiric Draining        Necr           42%        2d9       1%          3
 Cigotuvi's Dreadful Rot  Necr/Alch/Air  38%        N/A       4%          2
 Stone Arrow              Conj/Erth      42%        3d9       6%          3
 Curse of Agony           Necr           42%        N/A       9%          5
 Blink                    Tloc           16%        N/A       12%         2
 Lesser Beckoning         Tloc           16%        N/A       12%         2
 Momentum Strike          Conj/Tloc      16%        3d8       12%         2
 Brom's Barrelling Bould  Conj/Erth      21%        2d4       22%         4
 Ozocubu's Armour         Ice            8%         N/A       24%         3
 Manifold Assault         Tloc           8%         N/A       61%         4
 Dispersal                Tloc           4%         N/A       100%        6
 Disjunction              Tloc           4%         N/A       100%        8


Dungeon Overview and Level Annotations

Branches:
Dungeon (8/15) Zot: 26904  Temple (0/1) D:6          Bailey (1/1) Zot: 5806
   Lair: D:8-11

Altars:
Ashenzari
Hepliaklqana
Kikubaaqudgha
Vehumet

Shops:
D:3 =   D:4 [[   D:6 ?

Annotations:
D:4 exclusion: 3 doors
D:5 exclusion: kobold brigand
D:7 Jeremiah


Innate Abilities, Weirdness & Mutations

You are very small and have problems with some larger weapons.
You are too small for most types of armour.
You have supernaturally acute eyesight. (SInv)
You cover ground extremely quickly. (Speed+++)


Message History

Magic restored.
h - 12 scrolls of identify (gained 1)
You now have 150 gold pieces (gained 10).
I - 2 scrolls of fog (gained 1)
Found a stone staircase leading down.
You now have 164 gold pieces (gained 14).
You now have 173 gold pieces (gained 9).
You pick up a book of the Warp and begin reading...
You add the spells Dispersal and Disjunction to your library.
h - 13 scrolls of identify (gained 1)
You open the door.
There is an open door here.
Jeremiah, Barachi Dreamer comes into view.
They are wielding a +4 trident of draining and wearing an orb of energy.
Jeremiah shouts!
Okay, then.
There is an open door here.
You close the door.
Jeremiah cries, "Fearful master, protect me!"
Something smites you!
There is an open door here.
Found a glowing emerald potion.
You close the door.
You see here a +0 robe.
Found 3 stones.
There is a stone staircase leading up, spattered with blood here.
You climb upwards.
There is a stone staircase leading down, spattered with blood here.
As you read the scroll of identify, it crumbles to dust.
p - 3 scrolls of amnesia
As you read the scroll of identify, it crumbles to dust.
s - 2 scrolls of vulnerability
As you read the scroll of identify, it crumbles to dust.
k - 4 potions of brilliance
As you read the scroll of identify, it crumbles to dust.
j - 3 potions of invisibility
As you read the scroll of identify, it crumbles to dust.
f - 2 potions of attraction
As you read the scroll of identify, it crumbles to dust.
g - a scroll of fear
As you read the scroll of identify, it crumbles to dust.
r - a scroll of revelation
As you read the scroll of identify, it crumbles to dust.
y - a scroll of enchant weapon
As you read the scroll of identify, it crumbles to dust.
z - a scroll of torment
As you read the scroll of identify, it crumbles to dust.
B - a scroll of noise
As you read the scroll of identify, it crumbles to dust.
H - a scroll of teleportation
As you read the scroll of identify, it crumbles to dust.
c - a potion of haste
As you read the scroll of identify, it crumbles to dust.
l - a potion of heal wounds HP restored.
Done exploring.
You climb downwards.
Level annotation: Jeremiah
There is a stone staircase leading up, spattered with blood here.
There is a stone staircase leading down here.
There is an open door here.
There is an open door here.
There is a stone staircase leading down here.
You climb downwards.
You hear the roar of battle.
There is an entrance to a bailey on this level.
Hurry and find it before the portal closes forever!
Found 2 poisoned darts.
There is a stone staircase leading up here.
Found 16 gold pieces.
You now have 189 gold pieces (gained 16).
An orc comes into view. It is wielding a +0 falchion.
You shoot an arrow. The arrow hits the orc.
The orc is heavily wounded.
There is a stone staircase leading up here.
You start waiting.
An orc is nearby!
You shoot an arrow. The arrow hits the orc!
You kill the orc!
Kikubaaqudgha accepts your kill.
Found a buckler.
Found a stone staircase leading down.
Found a ruby potion.
i - 11 poisoned darts (gained 2)
Found a flail.
Found a dazzling robe.
A goblin and an ice beast come into view.
The goblin shouts!
You hear a shout!
You see here a +0 buckler.
h - a +0 buckler A goblin comes into view.
It is wielding a +0 spear.
You shoot an arrow. The arrow hits the goblin!
You kill the goblin!
Kikubaaqudgha accepts your kill.
A goblin comes into view. It is wielding a +0 spear.
The goblin moves out of view.
No target in view!
You start waiting.
A goblin comes into view. It is wielding a +0 spear.
You shoot an arrow. The arrow closely misses the goblin.
The goblin shouts!
The arrow hits the goblin.
You drain the goblin.
You kill the goblin!
Kikubaaqudgha accepts your kill.
You shoot an arrow. The arrow hits the goblin!
You kill the goblin!
Kikubaaqudgha accepts your kill.
You start waiting.
A goblin is nearby!
You shoot an arrow. The arrow barely misses the goblin.
You shoot an arrow. The arrow hits the goblin!
You kill the goblin!
Kikubaaqudgha accepts your kill.
You start waiting.
You hear the faint creaking of a portcullis very nearby.
Found a trident.
Found three portals.
You see here a +0 flail.
You see here the +4 robe of Negation {+Blink rPois Str-5 Dex+3}.
q - the +4 robe of Negation {+Blink rPois Str-5 Dex+3} You see here a +0 flail.
v - a ruby potion You enter the shallow water.
Moving in this stuff is going to be slow.
Found an escape hatch in the floor.
Found a book of Battle.
Things that are here:
a +0 spear; a goblin corpse
Found 17 gold pieces.
Things that are here:
a +0 spear; a goblin corpse You shoot an arrow.
The arrow hits the ice beast but does no damage.
You drain the ice beast.
The ice beast is lightly wounded.
There is a flagged portal here.
There is an escape hatch in the floor here.
Cast which spell? (? or * to list)
Aiming: Sandblast (safe; 2% risk of failure)
Press: ? - help, Shift-Dir - straight line, f/p - ice beast
Aim: an ice beast (water, lightly wounded, lightly drained, 82% to hit)
The blast of sand hits the ice beast.
The ice beast is moderately wounded.
You enter the shallow water.
Moving in this stuff is going to be slow.
Found a pair of runed boots.
Found a stone staircase leading up.
Cast which spell? (? or * to list)
Aiming: Sandblast (safe; 2% risk of failure)
Press: ? - help, Shift-Dir - straight line, f/p - ice beast
Aim: an ice beast (moderately wounded, lightly drained, 82% to hit)
The blast of sand hits the ice beast!
The ice beast is heavily wounded.
Found a shiny scale mail.
Cast which spell? (? or * to list)
Aiming: Sandblast (safe; 2% risk of failure)
Press: ? - help, Shift-Dir - straight line, f/p - ice beast
Aim: an ice beast (heavily wounded, lightly drained, 82% to hit)
The blast of sand hits the ice beast but does no damage.
The ice beast is heavily wounded.
Cast which spell? (? or * to list)
Aiming: Sandblast (safe; 2% risk of failure)
Press: ? - help, Shift-Dir - straight line, f/p - ice beast
Aim: an ice beast (heavily wounded, lightly drained, 82% to hit)
The blast of sand hits the ice beast!
The ice beast is almost dead.
Cast which spell? (? or * to list)
Aiming: Sandblast (safe; 2% risk of failure)
Press: ? - help, Shift-Dir - straight line, f/p - ice beast
Aim: an ice beast (almost dead, lightly drained, 82% to hit)
The blast of sand hits the ice beast!
You kill the ice beast!
Kikubaaqudgha accepts your kill.
Your Earth Magic skill increases to level 3!
You enter the shallow water.
Moving in this stuff is going to be slow.
There is a flagged portal here.
You start resting.
Magic restored.
The world spins around you as you enter the gateway.
You enter a bailey!
Found a gate leading back out of this place.
There is an empty arch of ancient stone here.
An ogre comes into view. It is wielding a +0 halberd.
Cast which spell? (? or * to list)
You can't see any susceptible monsters within range! (Use Z to cast anyway.) Cast which spell? (? or * to list)
Okay, then.
You shoot an arrow. The arrow hits the ogre!
The ogre is moderately wounded.
Cast which spell? (? or * to list)
Aiming: Sandblast (safe; 2% risk of failure)
Press: ? - help, Shift-Dir - straight line, f/p - ogre
Aim: an ogre, wielding a +0 halberd (moderately wounded, 92% to hit)
The blast of sand hits the ogre!
You kill the ogre!
Kikubaaqudgha accepts your kill.
You start resting.
Magic restored.
You enter the shallow water.
Moving in this stuff is going to be slow.
An ogre comes into view. It is wielding a +0 halberd.
The ogre shouts!
You shoot an arrow. The arrow hits the ogre!
You drain the ogre.
The ogre is almost dead.
You hear a shout!
An ogre comes into view. It is wielding a +0 halberd.
Cast which spell? (? or * to list)
Aiming: Necrotise (safe; 1% risk of failure)
Press: ? - help, Shift-Dir - straight line, f/p - ogre
Aim: an ogre, wielding a +0 halberd (almost dead, lightly drained, chance to affect: 85%)
The ogre writhes in agony!
You kill the ogre!
Kikubaaqudgha accepts your kill.
The dead are walking!
Your ogre skeleton hits the ogre.
The ogre hits your ogre skeleton with a +0 halberd!
The ogre hits your ogre skeleton with a +0 halberd!!
Your ogre skeleton hits the ogre!
Something hits your ogre skeleton!!
Your ogre skeleton is destroyed!
You shoot an arrow. The arrow hits the ogre!
You drain the ogre.
You kill the ogre!
Kikubaaqudgha accepts your kill.
An ogre comes into view. It is wielding a +0 halberd.
An ogre comes into view. It is wielding a +0 glaive.
Training target 4.0 for Earth Magic reached!
Your Earth Magic skill increases to level 4!
You need to enable at least one skill for training.
Fire: b) +1 orcbow (drain)
Press: ? - help, Q - select action, (/) - cycle Shift-Dir - straight line, f - ogre
Aim: an ogre, wielding a +0 halberd (wandering, hasn't noticed you, 70% to hit)
You shoot an arrow. The ogre shouts!
The ogre shouts!
The arrow hits the ogre.
The ogre is lightly wounded.
You hear a shout!
An ogre comes into view. It is wielding a +0 halberd.
Cast which spell? (? or * to list)
Aiming: Necrotise (safe; 1% risk of failure)
Press: ? - help, Shift-Dir - straight line, f/p - ogre
Aim: an ogre, wielding a +0 halberd (lightly wounded, chance to affect: 83%)
The ogre writhes in agony!
The ogre shouts!
You hear a roar!
Cast which spell? (? or * to list)
Aiming: Sandblast (safe; 1% risk of failure)
Press: ? - help, Shift-Dir - straight line, f/p - ogre
Aim: an ogre, wielding a +0 halberd (moderately wounded, 92% to hit)
The blast of sand hits the ogre!
The ogre is almost dead.
Cast which spell? (? or * to list)
Aiming: Necrotise (safe; 1% risk of failure)
Press: ? - help, Shift-Dir - straight line, f/p - ogre
Aim: an ogre, wielding a +0 halberd (almost dead, chance to affect: 83%)
The ogre writhes in agony.
Cast which spell? (? or * to list)
Aiming: Necrotise (safe; 1% risk of failure)
Press: ? - help, Shift-Dir - straight line, f/p - ogre
Aim: an ogre, wielding a +0 halberd (almost dead, chance to affect: 83%)
The ogre writhes in agony!
You kill the ogre!
Kikubaaqudgha accepts your kill.
The dead are walking!
Press: ? - help, v - describe, . - travel, g - get item
Here: an ogre, wielding a +0 halberd (ally target) Item here: a +0 halberd.
The floor.
Press: ? - help, v - describe, . - travel, g - get item
Here: an ogre, wielding a +0 halberd (ally target) Item here: a +0 halberd.
The floor.
Okay, then.
Unknown command.
Cast which spell? (? or * to list)
Aiming: Sandblast (safe; 1% risk of failure)
Press: ? - help, Shift-Dir - straight line, f - ogre
Aim: an ogre, wielding a +0 halberd (ally target, 92% to hit)
The blast of sand misses the ogre.
The blast of sand hits the ogre.
The ogre is lightly wounded.
The ogre hits your ogre skeleton with a +0 glaive!!
The ogre closely misses you.
Your ogre skeleton hits the ogre.
Cast which spell? (? or * to list)
Aiming: Sandblast (safe; 1% risk of failure)
Press: ? - help, Shift-Dir - straight line, f/p - ogre
Aim: an ogre, wielding a +0 halberd (lightly wounded, ally target, 92% to hit)
The blast of sand hits the ogre!
The ogre is moderately wounded.
The ogre closely misses you.
Cast which spell? (? or * to list)
Aiming: Sandblast (safe; 1% risk of failure)
Press: ? - help, Shift-Dir - straight line, f/p - ogre
Aim: an ogre, wielding a +0 halberd (moderately wounded, ally target, 92% to hit)
The blast of sand hits the ogre!
The ogre is almost dead.
Your ogre skeleton barely misses the ogre.
The ogre misses you. The ogre completely misses you.
Cast which spell? (? or * to list)
Aiming: Necrotise (safe; 1% risk of failure)
Press: ? - help, Shift-Dir - straight line, f/p - ogre
Aim: an ogre, wielding a +0 halberd (almost dead, ally target, chance to affect: 83%)
The ogre writhes in agony.
You kill the ogre!
Kikubaaqudgha accepts your kill.
The dead are walking!
Cast which spell? (? or * to list)
Aiming: Sandblast (safe; 1% risk of failure)
Press: ? - help, Shift-Dir - straight line, f - ogre
Aim: an ogre, wielding a +0 glaive (lightly wounded, ally target, 92% to hit)
The blast of sand misses the ogre.
The ogre barely misses you.
Your ogre skeleton hits the ogre.
Cast which spell? (? or * to list)
Aiming: Sandblast (safe; 1% risk of failure)
Press: ? - help, Shift-Dir - straight line, f/p - ogre
Aim: an ogre, wielding a +0 glaive (moderately wounded, not watching you, ally target, 92% to hit)
Okay, then.
Unknown command.
The ogre hits your ogre skeleton with a +0 glaive!
Your ogre skeleton is destroyed!
Cast which spell? (? or * to list)
Aiming: Necrotise (safe; 1% risk of failure)
Press: ? - help, Shift-Dir - straight line, f/p - ogre
Aim: an ogre, wielding a +0 glaive (moderately wounded, unaware, ally target, hasn't noticed you, chance to affect: 83%)
The ogre shouts!
The ogre barely resists.
Your ogre skeleton hits the ogre.
Cast which spell? (? or * to list)
Aiming: Necrotise (safe; 1% risk of failure)
Press: ? - help, Shift-Dir - straight line, f/p - ogre
Aim: an ogre, wielding a +0 glaive (moderately wounded, ally target, chance to affect: 83%)
The ogre writhes in agony.
Cast which spell? (? or * to list)
Aiming: Sandblast (safe; 1% risk of failure)
Press: ? - help, Shift-Dir - straight line, f/p - ogre
Aim: an ogre, wielding a +0 glaive (heavily wounded, ally target, 92% to hit)
The blast of sand hits the ogre!
The ogre is severely wounded.
The ogre completely misses you.
Your ogre skeleton hits the ogre!
The ogre dies!
Kikubaaqudgha accepts your kill.
Your Earth Magic skill increases to level 5!
You start resting.
Your ogre skeleton crumbles into dust!
Magic restored.
There is a gate leading back out of this place here.
Things that are here:
a +0 glaive; an ogre corpse
Things that are here:
a +0 halberd; a +0 halberd You start resting.
Magic restored.
You enter the shallow water.
Moving in this stuff is going to be slow.
An ogre comes into view. It is wielding a +0 glaive.
The ogre shouts!
You shoot an arrow. The arrow hits the ogre!
You drain the ogre.
The ogre is heavily wounded.
You shoot an arrow. The arrow barely misses the ogre.
Cast which spell? (? or * to list)
Aiming: Necrotise (safe; 1% risk of failure)
Press: ? - help, Shift-Dir - straight line, f/p - ogre
Aim: an ogre, wielding a +0 glaive (heavily wounded, lightly drained, chance to affect: 85%)
The ogre writhes in agony!
Cast which spell? (? or * to list)
Aiming: Necrotise (safe; 1% risk of failure)
Press: ? - help, Shift-Dir - straight line, f/p - ogre
Aim: an ogre, wielding a +0 glaive (almost dead, lightly drained, chance to affect: 85%)
The ogre writhes in agony.
You kill the ogre!
Kikubaaqudgha accepts your kill.
The dead are walking!
A spriggan comes into view. It is wielding a +0 spear.
The spriggan hits your ogre skeleton with a +0 spear!
Your ogre skeleton hits the spriggan!
The spriggan hits your ogre skeleton with a +0 spear!
The spriggan hits your ogre skeleton with a +0 spear!
Your ogre skeleton misses the spriggan.
The spriggan hits your ogre skeleton with a +0 spear!
Your ogre skeleton is destroyed!
Cast which spell? (? or * to list)
You can't see any susceptible monsters within range! (Use Z to cast anyway.) Cast which spell? (? or * to list)
Aiming: Necrotise (safe; 1% risk of failure)
Press: ? - help, Shift-Dir - straight line, f - spriggan
Aim: a spriggan, wielding a +0 spear (heavily wounded, chance to affect: 52%)
The spriggan writhes in agony.
Cast which spell? (? or * to list)
Aiming: Sandblast (safe; 1% risk of failure)
Press: ? - help, Shift-Dir - straight line, f/p - spriggan
Aim: a spriggan, wielding a +0 spear (severely wounded, 67% to hit)
The blast of sand hits the spriggan!
You kill the spriggan!
Kikubaaqudgha accepts your kill.
You start resting.
Magic restored.
You start resting.
Magic restored.
A spriggan comes into view. It is wielding a +0 trident.
Cast which spell? (? or * to list)
Aiming: Sandblast (safe; 1% risk of failure)
Press: ? - help, Shift-Dir - straight line, f - spriggan
Aim: a spriggan, wielding a +0 trident (67% to hit)
The blast of sand hits the spriggan!!
The spriggan is almost dead.
Cast which spell? (? or * to list)
Aiming: Sandblast (safe; 1% risk of failure)
Press: ? - help, Shift-Dir - straight line, f/p - spriggan
Aim: a spriggan, wielding a +0 trident (almost dead, 67% to hit)
The blast of sand hits the spriggan!
You kill the spriggan!
Kikubaaqudgha accepts your kill.
You hear a splash.
Training target 6.0 for Earth Magic reached!
Your Earth Magic skill increases to level 6!
You need to enable at least one skill for training.
You start resting.
Magic restored.
Things that are here:
a +0 halberd; an ogre corpse
Things that are here:
a +0 halberd; a +0 halberd; an ogre corpse An ogre comes into view.
It is wielding a +0 halberd.
The ogre shouts!
You hear a roar!
You hear a shout!
You hear two shouts!
Cast which spell? (? or * to list)
You can't see any susceptible monsters within range! (Use Z to cast anyway.)
You start waiting.
An ogre is nearby!
Cast which spell? (? or * to list)
You can't see any susceptible monsters within range! (Use Z to cast anyway.) Cast which spell? (? or * to list)
Aiming: Sandblast (safe; 1% risk of failure)
Press: ? - help, Shift-Dir - straight line, f - ogre
Aim: an ogre, wielding a +0 halberd (92% to hit)
The blast of sand hits the ogre!
The ogre is heavily wounded.
Cast which spell? (? or * to list)
Aiming: Sandblast (safe; 1% risk of failure)
Press: ? - help, Shift-Dir - straight line, f/p - ogre
Aim: an ogre, wielding a +0 halberd (heavily wounded, 92% to hit)
The blast of sand hits the ogre!
The ogre is almost dead.
Cast which spell? (? or * to list)
Aiming: Sandblast (safe; 1% risk of failure)
Press: ? - help, Shift-Dir - straight line, f/p - ogre
Aim: an ogre, wielding a +0 halberd (almost dead, 92% to hit)
The blast of sand hits the ogre!!
You kill the ogre!
Kikubaaqudgha accepts your kill.
You start resting.
Magic restored.
Things that are here:
a +0 halberd; an ogre corpse A spriggan comes into view.
It is wielding a +0 spear.
Cast which spell? (? or * to list)
Aiming: Sandblast (safe; 1% risk of failure)
Press: ? - help, Shift-Dir - straight line, f - spriggan
Aim: a spriggan, wielding a +0 spear and wearing +0 ice dragon scales (wandering, hasn't noticed you, 69% to hit)
The blast of sand hits the spriggan.
The spriggan is lightly wounded.
The spriggan shouts!
You hear a shout!
Cast which spell? (? or * to list)
Aiming: Sandblast (safe; 1% risk of failure)
Press: ? - help, Shift-Dir - straight line, f/p - spriggan
Aim: a spriggan, wielding a +0 spear and wearing +0 ice dragon scales (lightly wounded, 69% to hit)
The blast of sand hits the spriggan.
The spriggan is moderately wounded.
The spriggan hits you from afar with a +0 spear!
Cast which spell? (? or * to list)
Aiming: Sandblast (safe; 1% risk of failure)
Press: ? - help, Shift-Dir - straight line, f/p - spriggan
Aim: a spriggan, wielding a +0 spear and wearing +0 ice dragon scales (lightly wounded, 69% to hit)
The blast of sand hits the spriggan but does no damage.
The spriggan is lightly wounded.
The spriggan hits you from afar with a +0 spear!
The spriggan barely misses you.
Cast which spell? (? or * to list)
Aiming: Sandblast (safe; 1% risk of failure)
Press: ? - help, Shift-Dir - straight line, f/p - spriggan
Aim: a spriggan, wielding a +0 spear and wearing +0 ice dragon scales (lightly wounded, 69% to hit)
The blast of sand misses the spriggan.
The spriggan closely misses you.
Cast which spell? (? or * to list)
Aiming: Sandblast (safe; 1% risk of failure)
Press: ? - help, Shift-Dir - straight line, f/p - spriggan
Aim: a spriggan, wielding a +0 spear and wearing +0 ice dragon scales (lightly wounded, 69% to hit)
The blast of sand hits the spriggan!
The spriggan is severely wounded.
The spriggan completely misses you.
The spriggan hits you from afar with a +0 spear!
* * * LOW HITPOINT WARNING * * *
Cast which spell? (? or * to list)
Aiming: Sandblast (safe; 1% risk of failure)
Press: ? - help, Shift-Dir - straight line, f/p - spriggan
Aim: a spriggan, wielding a +0 spear and wearing +0 ice dragon scales (severely wounded, 69% to hit)
The blast of sand hits the spriggan but does no damage.
The spriggan is severely wounded.
The spriggan completely misses you.
Cast which spell? (? or * to list)
Aiming: Sandblast (safe; 1% risk of failure)
Press: ? - help, Shift-Dir - straight line, f/p - spriggan
Aim: a spriggan, wielding a +0 spear and wearing +0 ice dragon scales (severely wounded, 69% to hit)
The blast of sand hits the spriggan but does no damage.
The spriggan is severely wounded.
The spriggan hits you from afar with a +0 spear!
You die...
Kikubaaqudgha rasps: You have failed me!
Welcome... death!

#########
##.......##
##.........##
##..♣######).##
##..## ##..##
##.@#♣ ##.)##
#...♣ ##.)##
#..i# ♣..~~
#..~# #..~~
#..~~ ♣..~~
#..~#. #..~~
#...#.♣ #..~)
#...# . ##..##
##..# .. ##..##


You could see a spriggan.

Vanquished Creatures
  2 spriggans (Bailey)
  A water moccasin (D:6)
  2 ice beasts
  A black bear (D:5)
  12 ogres
  3 centaurs
  2 phantoms (D:5)
  2 bullfrogs (D:6)
  A kobold brigand (D:5)
  2 scorpions (D:5)
  3 hounds
  A jelly (D:7)
  A gnoll bouda (D:5)
  3 orc priests
  6 iguanas
  A sleepcap (D:7)
  An orc wizard (D:6)
  8 gnolls
  2 adders
  A white imp (D:6)
  2 ufetubi (D:5)
  19 orcs
  2 bats (D:1)
  8 endoplasms
  7 giant cockroaches
  4 hobgoblins
  7 jackals
  4 quokkas
  10 ball pythons
  4 frilled lizards
  9 goblins
  11 kobolds
  4 rats
146 creatures vanquished.

Vanquished Creatures (collateral kills)
  An ogre (Bailey)
  A bombardier beetle (D:5)
  A jelly (D:6)
  3 gnolls
  A dart slug (D:1)
  An orc (D:4)
  2 jackals
  2 kobolds
12 creatures vanquished.

Grand Total: 158 creatures vanquished

Notes
Turn   | Place    | Note
-------+----------+-------------------------------------------
     0 | D:1      | jagoly the Spriggan Necromancer began the quest for the
                  | Orb.
     0 | D:1      | Reached XP level 1. HP: 9/9 MP: 5/5
   109 | D:1      | Reached XP level 2. HP: 13/13 MP: 2/7
   449 | D:1      | Found a faded altar of an unknown god.
   451 | D:1      | Reached XP level 3. HP: 16/16 MP: 5/8
   868 | D:3      | Found Zanlekh's Jewellery Emporium.
   986 | D:3      | Noticed an ogre
  1059 | D:2      | Reached skill level 5 in Necromancy
  1071 | D:2      | Reached XP level 4. HP: 21/21 MP: 6/9
  1774 | D:3      | Killed an ogre
  1775 | D:3      | Reached XP level 5. HP: 24/24 MP: 1/11
  2031 | D:3      | Found an ancient bone altar of Kikubaaqudgha.
  2031 | D:3      | Found a radiant altar of Vehumet.
  2052 | D:3      | Became a worshipper of Kikubaaqudgha
  2223 | D:4      | Found a hazy altar of Hepliaklqana.
  2256 | D:4      | Found Irujil's Antique Armour Emporium.
  2279 | D:4      | Noticed an ogre
  2285 | D:4      | Killed an ogre
  2286 | D:4      | Reached XP level 6. HP: 29/29 MP: 6/13
  2313 | D:4      | Reached skill level 1 in Fighting
  2613 | D:4      | Found Gocylu's Armour Emporium.
  2917 | D:5      | Entered Level 5 of the Dungeon
  2937 | D:5      | Reached XP level 7. HP: 35/35 MP: 8/14
  3482 | D:5      | Reached * piety under Kikubaaqudgha
  3482 | D:5      | Received a gift from Kikubaaqudgha
  3578 | D:5      | Learned a level 4 spell: Animate Dead
  3758 | D:5      | Reached XP level 8. HP: 39/39 MP: 11/16
  3940 | D:5      | Reached skill level 5 in Spellcasting
  4867 | D:6      | Found a staircase to the Ecumenical Temple.
  5039 | D:6      | Reached skill level 1 in Evocations
  5268 | D:6      | Reached ** piety under Kikubaaqudgha
  5284 | D:6      | Found Pietuipn's Magic Scroll Shoppe.
  5293 | D:6      | Bought a scroll of fog for 52 gold pieces
  5293 | D:6      | Bought a scroll of identify for 26 gold pieces
  5293 | D:6      | Bought a scroll of blinking for 97 gold pieces
  5293 | D:6      | Bought a scroll of poison for 52 gold pieces
  5525 | D:7      | Found a broken altar of Ashenzari.
  5591 | D:7      | HP: 2/40 [white imp/puff of frost (13)]
  5789 | D:7      | Learned a level 1 spell: Sandblast
  5858 | D:6      | Reached XP level 9. HP: 44/44 MP: 19/22
  5978 | D:6      | Reached skill level 1 in Earth Magic
  6281 | D:7      | Noticed Jeremiah
  6453 | D:8      | Found a flagged portal.
  6456 | D:8      | Identified the +4 robe of Negation {+Blink rPois Str-5
                  | Dex+3}
  6506 | Bailey   | Entered a bailey
  6539 | Bailey   | Reached skill level 5 in Earth Magic
  6715 | Bailey   | Mangled by a spriggan

Illustrated notes

Levels and vault maps discovered:
D:1:      lightli_arrival_quake, layout_loops_ring,
          hellmonk_ecumenical_altar_run_dry
D:2:      layout_basic
D:3:      layout_basic, nicolae_overflow_two_pavilions, serial_shops, shop
D:4:      kennysheep_goblin_castle, layout_cave_pools,
          mainiacjoe_overflow_six_doors_small, serial_shops, shop, shop,
          minmay_misc_feat_alley
D:5:      layout_cave_pools, serial_column_ruins, column_ruins_open_small,
          column_ruins_columns_straight, column_ruins_grid_3,
          column_ruins_corridor_corner, column_ruins_grid_1,
          blue_anna_alchemist, dk_vineyard_2
D:6:      layout_cave_pools, minmay_temple_entry_large_hall, serial_shops, shop
D:7:      layout_gridville, general_overflow_altar,
          nicolae_concentric_dashed_squares_mild, uniq_jeremiah
D:8:      layout_rooms, enter_bailey_5, nicolae_blasting_shop,
          hangedman_decor_opposing
Bailey:   bailey_polearm_enchanted_keep_hellmonk, bailey

Skill      XL: |  1  2  3  4  5  6  7  8  9 |
---------------+----------------------------+-----
Spellcasting   | 3 4 8 |  8.0
Necromancy     | 4 5 6 8 |  8.0
Dodging        | 4 |  4.0
Fighting       | 2 3 |  3.0
Stealth        | 4 |  4.0
Evocations     | 2 |  2.0
Short Blades   | 3 4 |  4.0
Earth Magic    | 6 |  6.4

Action                     |  1- 3 |  4- 6 |  7- 9 || total
---------------------------+-------+-------+-------++-------
  Melee: Short sword       |     3 |     1 |       ||     4
         Dagger            |       |       |    28 ||    28
         Rapier            |       |       |    10 ||    10
   Fire: Orcbow            |       |       |    59 ||    59
         Sling             |       |       |    29 ||    29
   Cast: Necrotise         |    43 |    91 |   166 ||   300
         Sandblast         |       |       |    37 ||    37
    Use: Scroll            |       |       |    13 ||    13
   Stab: Sleeping          |       |       |     1 ||     1
 Armour: Robe              |     3 |       |    57 ||    60
  Dodge: Dodged            |    13 |    12 |   200 ||   225

Table legend: (Time is in decaauts)
 A = Elapsed time spent in this place.
 B = Non-inter-level travel time spent in this place.
 C = Inter-level travel time spent in this place.
 D = Time resting spent in this place.
 E = Time spent auto-exploring this place.
 F = Levels seen in this place.
 G = Mean time per level.
                   A        B        C        D        E       F      G
               +--------+--------+--------+--------+--------+-----+--------+
         Total |   5189 |   4954 |    235 |   1134 |   2242 |   9 |  576.6 |
       Dungeon |   4997 |   4762 |    235 |   1052 |   2242 |   8 |  624.6 |
        Bailey |    192 |    192 |      0 |     82 |      0 |   1 |  192.0 |
               +--------+--------+--------+--------+--------+-----+--------+

Top non-repeatable levels by time:
     D:5: 1497 daAuts
     D:6: 932 daAuts
     D:1: 598 daAuts
     D:3: 567 daAuts
     D:4: 512 daAuts
     D:2: 447 daAuts
     D:7: 344 daAuts
  Bailey: 192 daAuts
     D:8: 96 daAuts
